 Dungeon Crawl Stone Soup version 0.29-a0-830-gcb1280458a (webtiles) character file.

Game seed: 18434948258948958736

129 HoaS the Skirmisher (level 5, -2/30 HPs)
             Began as a Kobold Hunter on July 12, 2022.
             Slain by Grinder (6 damage)
             ... on level 3 of the Dungeon.
             The game lasted 00:03:52 (1962 turns).

HoaS the Skirmisher (Kobold Hunter)                 Turns: 1962, Time: 00:03:53

Health: -2/30      AC:  3    Str: 15    XL:     5   Next: 35%
Magic:  5/5        EV: 15    Int: 10    God:
Gold:   60         SH:  0    Dex: 20    Spells: 4/4 levels left

rFire   . . .      SeeInvis .   a - +0 shortbow
rCold   . . .      Faith    .   (shield currently unavailable)
rNeg    . . .      Spirit   .   c - +0 leather armour
rPois   .          Reflect  .   (no helmet)
rElec   .          Harm     .   (no cloak)
rCorr   .          Rampage  .   (no gloves)
Will    .....                   (no boots)
Stlth   +++.......              (no amulet)
HPRegen 0.10/turn               e - ring of flight
MPRegen 0.09/turn               g - +6 ring of strength

@: flying
A: small, no large weapons, nightstalker 3
a: no special abilities


You were on level 3 of the Dungeon.
You visited 1 branch of the dungeon, and saw 3 of its levels.

You collected 60 gold pieces.

Inventory:

Hand Weapons
 a - a +0 shortbow (weapon)
Armour
 c - a +0 leather armour (worn)
Jewellery
 e - a ring of flight (left hand)
 g - a +6 ring of strength (right hand)
Scrolls
 b - 2 scrolls of immolation
 d - a scroll of amnesia {unknown}
 j - a scroll of poison {unknown}
Potions
 f - a potion of flight {unknown}
 h - a potion of cancellation {unknown}


   Skills:
 - Level 2.1 Fighting
 * Level 8.3 Ranged Weapons
 - Level 2.4 Dodging
 - Level 1.3 Stealth


You had 4 spell levels left.
You didn't know any spells.
Your spell library was empty.

Dungeon Overview and Level Annotations

Branches:
Dungeon (3/15)

Altars:

Annotations:
D:3 Grinder


Innate Abilities, Weirdness & Mutations

You are small and have problems with some larger weapons.
You are completely attuned to the shadows.


Message History

Aim: Grinder (lightly wounded, 64% to hit)
You shoot an arrow. The arrow closely misses Grinder.
Grinder gestures at you. Pain shoots through your body!
Fire: a) +0 shortbow
Press: ? - help, Q - select action Shift-Dir - straight line, f/p - Grinder
Aim: Grinder (lightly wounded, 64% to hit)
You shoot an arrow. The arrow hits Grinder.
Grinder is moderately wounded.
Grinder closely misses you.
Fire: a) +0 shortbow
Press: ? - help, Q - select action Shift-Dir - straight line, f/p - Grinder
Aim: Grinder (moderately wounded, 64% to hit)
You shoot an arrow. The arrow barely misses Grinder.
Grinder barely misses you.
Fire: a) +0 shortbow
Press: ? - help, Q - select action Shift-Dir - straight line, f/p - Grinder
Aim: Grinder (moderately wounded, 64% to hit)
You shoot an arrow. The arrow hits Grinder!
Grinder is heavily wounded.
Grinder says, "Just stop there for a second..."
Grinder completely misses you.
Grinder blinks!
Fire: a) +0 shortbow
Press: ? - help, Q - select action Shift-Dir - straight line, f/p - Grinder
Aim: Grinder (heavily wounded, 64% to hit)
You shoot an arrow. The arrow hits Grinder!
Grinder is severely wounded.
Grinder gestures at you. Pain shoots through your body!
* * * LOW HITPOINT WARNING * * *
Fire: a) +0 shortbow
Press: ? - help, Q - select action Shift-Dir - straight line, f/p - Grinder
Aim: Grinder (severely wounded, 64% to hit)
You shoot an arrow. The arrow closely misses Grinder.
Fire: a) +0 shortbow
Press: ? - help, Q - select action Shift-Dir - straight line, f/p - Grinder
Aim: Grinder (severely wounded, 64% to hit)
You shoot an arrow. The arrow barely misses Grinder.
Grinder hits you.
You die...

#.# ### #
###.##... #.##
......#
#...######5...###
.....)...@.......
.##.#######...####
#. ...##....# ..
##.......# #..
#.......#
#.......# #$..5.
#.......# ##.#..#
######.......#
......#
#...........[


You could see Grinder.

Vanquished Creatures
  An orc priest (D:3)
  An orc wizard (D:3)
  3 adders
  2 dart slugs (D:1)
  An orc (D:3)
  5 endoplasms
  5 goblins
  6 hobgoblins
  6 quokkas
  2 ball pythons (D:1)
  A bat (D:2)
  3 frilled lizards (D:1)
  3 kobolds
  4 rats
43 creatures vanquished.

Notes
Turn   | Place    | Note
-------+----------+-------------------------------------------
     0 | D:1      | HoaS the Kobold Hunter began the quest for the Orb.
     0 | D:1      | Reached XP level 1. HP: 12/12 MP: 1/1
   274 | D:1      | Reached XP level 2. HP: 10/17 MP: 2/2
   494 | D:1      | Reached skill level 6 in Ranged Weapons
   587 | D:1      | Found a faded altar of an unknown god.
   810 | D:1      | Reached XP level 3. HP: 10/21 MP: 3/3
  1576 | D:2      | Reached skill level 7 in Ranged Weapons
  1584 | D:2      | Reached XP level 4. HP: 4/26 MP: 4/4
  1678 | D:2      | Noticed a scorpion
  1884 | D:3      | Noticed Grinder
  1935 | D:3      | Paralysed by Grinder for 2 turns
  1936 | D:3      | Reached XP level 5. HP: 21/30 MP: 5/5
  1948 | D:3      | Paralysed by Grinder for 2 turns
  1955 | D:3      | Reached skill level 8 in Ranged Weapons
  1962 | D:3      | Slain by Grinder

Illustrated notes

Levels and vault maps discovered:
D:1:      dpeg_arrival_stone_temple_mockup, layout_basic,
          shapermc_ecumenical_altar_petra
D:2:      layout_rooms
D:3:      layout_basic, uniq_sigmund, uniq_grinder

Skill      XL: |  1  2  3  4  5 |
---------------+----------------+-----
Ranged Weapons | 6 7 8 |  8.3
Fighting       | |  2.1
Dodging        | |  2.4
Stealth        | |  1.3

Action                   |  1- 3 |  4- 6 || total
-------------------------+-------+-------++-------
 Fire: Shortbow          |    84 |    58 ||   142
  Use: Scroll            |     2 |       ||     2
       Potion            |       |     4 ||     4
Armor: Leather armour    |     3 |     6 ||     9
Dodge: Dodged            |    27 |    24 ||    51

Table legend: (Time is in decaauts)
 A = Elapsed time spent in this place.
 B = Non-inter-level travel time spent in this place.
 C = Inter-level travel time spent in this place.
 D = Time resting spent in this place.
 E = Time spent auto-exploring this place.
 F = Levels seen in this place.
 G = Mean time per level.
                   A        B        C        D        E       F      G
               +--------+--------+--------+--------+--------+-----+--------+
         Total |   1988 |   1971 |     17 |    603 |   1062 |   3 |  662.7 |
       Dungeon |   1988 |   1971 |     17 |    603 |   1062 |   3 |  662.7 |
               +--------+--------+--------+--------+--------+-----+--------+

Top non-repeatable levels by time:
     D:1: 1379 daAuts
     D:2: 368 daAuts
     D:3: 240 daAuts
